Map: Oxide LE

Players

Massa - Winner!

  • Race: Terran Terran
  • League: Platinum
  • Spawn Location: 1:00

eXtReMeFiReX

  • Race: Terran Terran
  • League: Diamond
  • Spawn Location: 7:00

VOD

Have the link to the VOD?

Description

Time

  • Played on: Jan. 23, 2021, 6:16 a.m.
  • Length: 7:41
Show
View Real Time Build Order
Export as new Build Order

Massa Terran - Winner!

Build Orders:  

Get SALT Encoding   

  12  0:00  SCV  
  13  0:12  SCV  
  14  0:22  Supply Depot  
  14  0:24  SCV  
  15  0:44  SCV  
  15  0:45  Barracks  
  16  0:51  Barracks  
  16  0:56  SCV  
  17  1:06  Refinery  
  17  1:09  SCV  
  18  1:21  SCV  
  19  1:33  SCV  
  19  1:37  Marine  
  21  1:56  Barracks Reactor  
  21  2:19  Barracks Tech Lab  
  21  2:20  Orbital Command  
  21  2:23  Command Center  
  21  2:32  Marine x2  
  21  2:36  Factory  
  23  2:42  Refinery  
  23  2:54  Supply Depot  
  23  2:56  Supply Depot  
  23  3:15  SCV, Marine x2, Reaper  
  29  3:20  Hellion  
  29  3:23  Stimpack  
  29  3:27  SCV  
  29  3:33  Marine x2  
  32  3:40  Starport  
  32  3:43  Hellion  
  32  3:47  SCV  
  35  3:48  SCV  
  35  3:50  Marine x2  
  38  4:10  Reaper x2  
  40  4:32  Reaper  
  37  4:49  SCV  
  37  4:50  Orbital Command  
  37  5:04  Reaper  
  33  5:15  Marine x2  
  30  5:33  Marine x2  
  32  5:36  Marine  
  30  5:51  Marine x2  
  30  5:52  Hellion  
  30  5:55  SCV x2  
  36  6:01  Barracks  
  36  6:02  Barracks  
  36  6:05  Barracks  
  36  6:06  Starport Tech Lab  
  36  6:07  SCV x2  
  38  6:13  Hellion  
  40  6:20  SCV x2  
  40  6:29  Command Center  
  40  6:33  Marine x3  
  40  6:39  Banshee  
  46  6:51  Marine x2  
  45  7:21  Factory Tech Lab  
Show
View Real Time Build Order
Export as new Build Order

eXtReMeFiReX Terran 

Build Orders:  

Get SALT Encoding   

  12  0:01  SCV  
  13  0:11  Refinery  
  13  0:16  SCV  
  14  0:28  Supply Depot  
  14  0:32  SCV  
  16  0:50  SCV, Barracks  
  16  1:20  Command Center  
  16  1:32  SCV  
  16  1:38  Supply Depot  
  17  1:44  Barracks  
  17  1:45  Marine  
  17  2:12  Barracks  
  17  2:13  SCV  
  18  2:23  Refinery  
  18  2:25  SCV  
  19  2:37  Barracks Reactor, Orbital Command  
  19  2:46  Orbital Command  
  19  3:04  SCV  
  20  3:14  Reaper x2  
  20  3:15  Reaper  
  20  3:16  Reaper  
  24  3:24  SCV  
  24  3:25  SCV  
  26  3:31  Refinery  
  26  3:35  Factory  
  26  3:36  SCV  
  26  3:37  SCV  
  28  3:48  SCV  
  29  3:53  Reaper  
  29  3:54  Reaper  
  31  4:00  SCV  
  31  4:01  Bunker  
  29  4:07  Marine x2  
  30  4:11  Bunker  
  28  4:22  Widow Mine, Bunker  
  30  4:25  Marine x4  
  31  4:36  SCV  
  32  4:43  Marine  
  28  4:47  Marine x2  
  26  4:54  Marine  
  24  5:00  Marine  
  24  5:05  Marine x2  
  14  5:23  Marine x2  
  10  5:29  Orbital Command  
  6  6:06  Supply Depot  
  6  6:18  Widow Mine  
  8  6:25  SCV  
  8  6:36  SCV  
  8  6:38  SCV  
  7  6:55  SCV  
  7  6:57  Marine  
  7  6:58  Marine  
  10  7:03  Marine  
  12  7:11  Widow Mine  
  12  7:12  SCV  
  12  7:15  Marine  
  16  7:16  Marine x2  
  17  7:26  Bunker  
Tags
 
Matchup
TvT
Race
Terran
Replay Pack
Multiplayer
Spawn Locations
Cross Positions
Add a new tag
Caveats
  • Supply blocks, unpowered buildings, or Contaminate may cause inaccurate times.
  • Supply counts are checked every 10 seconds.